 Dungeon Crawl Stone Soup version 0.29.1-2-gbd0b4ee654 (webtiles) character file.

Game seed: 122098886412802994

63 Depression the Changer (level 3, 0/29 HPs)
             Began as a Draconian Transmuter on Nov 25, 2022.
             Slain by a gnoll
             ... wielding a +0 flail
              (9 damage)
             ... on level 3 of the Dungeon.
             The game lasted 00:07:33 (1909 turns).

Depression the Changer (Draconian Transmuter)       Turns: 1909, Time: 00:07:34

Health: 0/29       AC:  5    Str: 12    XL:     3   Next: 89%
Magic:  4/6        EV: 16    Int: 13    God:
Gold:   99         SH:  0    Dex: 13    Spells: 3/6 levels left

rFire   . . .      SeeInvis .   f - +1 dagger (venom)
rCold   . . .      Faith    .   (no shield)
rNeg    . . .      Spirit   .   (body armour unavailable)
rPois   .          Reflect  .   (helmet currently unavailable)
rElec   .          Harm     .   (no cloak)
rCorr   .          Rampage  .   (no gloves)
Will    .....                   (boots currently unavailable)
Stlth   +.........              (no amulet)
HPRegen 0.09/turn               j - +4 ring of evasion
MPRegen 0.10/turn               (no ring)

@: appendages (expiring), wereblooded
A: horns 2, talons 2, AC +5, unfitting armour, cold-blooded
a: End Transformation


You were on level 3 of the Dungeon.
You had temporarily grown beastly horns and talons.
You visited 1 branch of the dungeon, and saw 3 of its levels.

You collected 99 gold pieces.

Inventory:

Hand Weapons
 f - a +1 dagger of venom (weapon)
Armour
 g - a +0 buckler
Magical Staves
 b - a staff of poison {rP+}
Jewellery
 j - a +4 ring of evasion (left hand)
Scrolls
 c - a scroll of teleportation {unknown}
 d - a scroll of amnesia {unknown}
 h - a scroll of fear {unknown}
 i - 3 scrolls of identify {unknown}
 k - a scroll of butterflies {unknown}
 l - a scroll of magic mapping {unknown}
Potions
 a - a potion of lignification
 e - a potion of ambrosia {unknown}


   Skills:
 - Level 2.0 Fighting
 - Level 2.0 Dodging
 - Level 3.0 Unarmed Combat
 - Level 2.0 Spellcasting
 + Level 3.8 Transmutations


You had 3 spell levels left.
You knew the following spells:

 Your Spells              Type           Power      Damage    Failure   Level
a - Beastly Appendage     Tmut           22%        N/A       5%          1
b - Wereblood             Tmut           11%        N/A       8%          2

Your spell library contained the following spells:

 Spells                   Type           Power      Damage    Failure   Level
 Slow                     Hex            4%         N/A       26%         1
 Spider Form              Tmut/Pois      6%         N/A       34%         3
 Confusing Touch          Hex            1%         N/A       58%         3
 Vampiric Draining        Necr           1%         2d6       58%         3
 Ice Form                 Ice/Tmut       6%         N/A       75%         4


Dungeon Overview and Level Annotations

Branches:
Dungeon (3/15) Zot: 16091

Altars:


Innate Abilities, Weirdness & Mutations

You have temporarily grown beastly horns and talons.
Your plain brown scales are hard. (AC +5)
You cannot fit into any form of body armour.
You are cold-blooded and may be slowed by cold attacks.


Message History

You closely miss the kobold.
The kobold is severely wounded.
The hobgoblin shouts!
The bat closely misses you. The gnoll misses you.
A gnoll comes into view. It is wielding a +0 flail.
The kobold hits you with a +0 club. The gnoll hits you with a +0 flail!
You hit the kobold but do no damage.
Your tail-slap misses the kobold.
The kobold is severely wounded.
The bat barely misses you.
The gnoll hits you from afar with a +0 spear.
The kobold hits you with a +0 club.
* * * LOW HITPOINT WARNING * * *
The gnoll hits you with a +0 flail.
* * * LOW HITPOINT WARNING * * *
The gnoll attacks as you move away! The gnoll closely misses you.
The bat misses you.
You closely miss the kobold. You claw the kobold.
You feel a bit better.
You kill the kobold!
You feel a bit better.
You kill the gnoll!
The bat closely misses you. The gnoll hits you but does no damage.
The bat hits you. The bat hits you but does no damage.
The bat closely misses you. The bat attacks as you move away!
The bat barely misses you.
You howl as the wereblood boils in your veins!
You hear a shout!
The bat misses you.
Your transformation is almost over.
The bat barely misses you.
You barely miss the bat. Your kick misses the bat.
The bat completely misses you.
You closely miss the bat. Your headbutt misses the bat. The bat misses you.
The gnoll closely misses you.
You miss the bat.
You howl as the wereblood boils in your veins!
The bat barely misses you.
The gnoll hits you from afar with a +0 spear.
* * * LOW HITPOINT WARNING * * *
The gnoll attacks as you move away! The gnoll hits you with a +0 flail!
You die...

.. #.# ##.# ... ....
#..##..##.... ....##
#..#...... ......
#.#.##.# ##
......####......#...
...........<.......
#.......)........
#.bgg..).......
#.@#...........
#......#...........
#.####.#...........
..#...........
####..........
#......#...
.......#..


You could see 2 gnolls and a bat.

Vanquished Creatures
  2 gnolls
  2 adders (D:2)
  A worm (D:2)
  A ball python (D:2)
  4 endoplasms
  4 goblins
  3 hobgoblins (D:2)
  3 kobolds
  2 bats (D:2)
22 creatures vanquished.

Notes
Turn   | Place    | Note
-------+----------+-------------------------------------------
     0 | D:1      | Depression the Draconian Transmuter began the quest for the
                  | Orb.
     0 | D:1      | Reached XP level 1. HP: 16/16 MP: 3/3
   695 | D:1      | Reached skill level 2 in Dodging
   818 | D:1      | Reached XP level 2. HP: 23/23 MP: 5/5
  1343 | D:2      | Reached skill level 2 in Fighting
  1612 | D:2      | Reached skill level 3 in Transmutations
  1612 | D:2      | Reached XP level 3. HP: 25/29 MP: 4/6
  1709 | D:2      | Learned a level 2 spell: Wereblood
  1909 | D:3      | Slain by a gnoll

Illustrated notes

Levels and vault maps discovered:
D:1:      roderic_chinese_lattice_arrival, layout_basic, serial_curves,
          eino_curves_03, eino_curves_04
D:2:      layout_basic, dreamdust_wishing_well
D:3:      layout_rooms, kennysheep_generic_room_4

Skill      XL: |  1  2 |
---------------+-------+-----
Dodging        | 2 |  2.0
Fighting       | 2 |  2.0
Transmutations | 3 |  3.8
Unarmed Combat | |  3.0
Spellcasting   | |  2.0

Action                   || total
-------------------------++-------
Melee: Dagger            ||    67
       Kick              ||    15
       Unarmed           ||     2
       Headbutt          ||     3
       Tailslap          ||     3
 Cast: Beastly Appendage ||    16
       Wereblood         ||     1
 Stab: Sleeping          ||     1
Armor: Skin              ||    13
Dodge: Dodged            ||    58
